AoeStats
← nlhoekstra95

Arabia

509335928Analyzed
2v2 RM · 5d ago on Sep 26, 2026· 27m 39s· 4 players
Game mode
Random Map
Map size
Medium (4 player)
Population
200
Speed
Normal
Resources
Standard
Victory
Conquest
Starting age
Dark Age
Ending age
Imperial Age
RankedLock teamsTeams togetherTeam positionsShared explorationLock speedFull tech treeHidden civsTurbo modeCheats
Victory
Defeat
🇳🇱 Maya · Netherlands
969
+14
🇳🇱 Celts · Netherlands
945
+15
🇬🇧 Teutons · United Kingdom
933
-24
🇬🇧 Lithuanians · United Kingdom
903
-40
Powler
XSET Ang3l 3408
1:13 Loom
23:06 Feudal Age
24:37 Horse Collar
25:10 Town Watch
27:36 Scale Barding Armor
27:32 Scale Mail Armor
elizardo1995
0:26 Loom
9:31 Feudal Age
10:06 Double-Bit Axe
11:38 Horse Collar
18:03 Castle Age
15:58 Gold Mining
21:19 Bow Saw
22:59 Fletching
23:24 Heavy Plow
24:19 Crossbowman
27:56 Bodkin Arrow
nlhoekstra95
6:35 Loom
11:20 Feudal Age
11:59 Double-Bit Axe
14:09 Man-at-Arms
16:07 Horse Collar
21:33 Castle Age
19:37 Gold Mining
22:03 Scale Mail Armor
22:20 Long Swordsman
22:48 Gambesons
23:11 Arson
25:25 Wheelbarrow
25:51 Bow Saw
Connection lost

Rejoining the realm…

Still unreachable

The connection could not be restored.

Session expired

The server has moved on; the page needs a fresh start.